 Dungeon Crawl Stone Soup version 0.29-a0-830-gcb1280458a (webtiles) character file.

Game seed: 15203727798209413071

52 PimpSugar the Magician (level 3, 0/25 HPs)
             Began as a Demonspawn Hedge Wizard on July 12, 2022.
             Succumbed to a scorpion's poison
             ... on level 2 of the Dungeon.
             The game lasted 00:07:48 (3315 turns).

PimpSugar the Magician (Demonspawn Hedge Wizard)    Turns: 3315, Time: 00:07:48

Health: 0/25       AC:  2    Str: 10    XL:     3   Next: 60%
Magic:  3/7        EV: 12    Int: 17    God:
Gold:   72         SH:  0    Dex: 12    Spells: 3/8 levels left

rFire   + . .      SeeInvis .   o - staff of earth
rCold   . . .      Faith    .   (no shield)
rNeg    . . .      Spirit   .   b - +0 robe
rPois   .          Reflect  .   c - +0 hat
rElec   .          Harm     .   (no cloak)
rCorr   .          Rampage  .   (no gloves)
Will    .....                   (no boots)
Stlth   ++........              (no amulet)
HPRegen 0.08/turn               l - ring of protection from fire
MPRegen 0.10/turn               (no ring)

@: lethally poisoned (0 -> -15)
A: horns 1, powered by death 1
a: no special abilities


You were on level 2 of the Dungeon.
You visited 1 branch of the dungeon, and saw 2 of its levels.

You collected 72 gold pieces.

Inventory:

Hand Weapons
 a - a +0 dagger
 j - a +0 sling
 k - a +0 quarterstaff
 m - a +4 dagger
 n - a +0 club
Missiles
 i - 13 stones (quivered)
Armour
 b - a +0 robe (worn)
 c - a +0 hat (worn)
Magical Staves
 o - a staff of earth (weapon)
Jewellery
 l - a ring of protection from fire (left hand)
Scrolls
 g - a scroll of amnesia {unknown}
Potions
 d - a potion of magic
 e - a potion of invisibility {unknown}
 f - a potion of mutation {unknown}
 h - a potion of brilliance {unknown}


   Skills:
 + Level 0.8 Fighting
 + Level 0.1 Staves
 + Level 2.1 Dodging
 + Level 2.0 Stealth
 * Level 3.3 Spellcasting
 + Level 1.4 Conjurations
 + Level 1.4 Summonings
 + Level 1.3 Translocations
 + Level 0.0 Earth Magic
 + Level 0.1 Evocations


You had 3 spell levels left.
You knew the following spells:

 Your Spells              Type           Power      Damage    Failure   Level
a - Magic Dart            Conj           28%        1d4       10%         1
b - Call Imp              Summ           7%         N/A       14%         2
e - Blink                 Tloc           14%        N/A       14%         2

Your spell library contained the following spells:

 Spells                   Type           Power      Damage    Failure   Level
 Slow                     Hex            8%         N/A       17%         1
 Conjure Flame            Conj/Fire      5%         6-21      36%         3
 Mephitic Cloud           Conj/Pois/Air  4%         N/A       38%         3


Dungeon Overview and Level Annotations

Branches:
Dungeon (2/15)

Altars:


Innate Abilities, Weirdness & Mutations

You have a pair of small horns on your head.
You regenerate a little health from kills.


Message History

The goblin is almost dead.
The goblin misses you.
You hit the goblin.
You kill the goblin!
Things that are here:
a +0 club; a goblin corpse A scorpion comes into view.
Casting: Magic Dart (safe; 10% risk of failure)
Confirm with . or Enter, or press ? or * to list all spells.
Aiming: Magic Dart (safe; 10% risk of failure)
Press: ? - help, Shift-Dir - straight line, f - scorpion
Aim: a scorpion (asleep, 100% to hit)
The magic dart hits the scorpion but does no damage.
Casting: Magic Dart (safe; 10% risk of failure)
Confirm with . or Enter, or press ? or * to list all spells.
A shadowy apparition takes form in the air.
Your shadow imp says, "Let's spread mayhem!"
A quokka comes into view.
Your shadow imp hits the scorpion but does no damage.
Your shadow imp barely misses the scorpion.
You completely miss the scorpion. The scorpion misses you.
Your shadow imp barely misses the scorpion.
You barely miss the scorpion. The scorpion stings you.
You are poisoned.
The scorpion poisons you! The quokka bites your shadow imp.
Your shadow imp hits the quokka.
The scorpion stings you.
You are more poisoned.
The scorpion poisons you!
Casting: Call Imp (safe; 14% risk of failure)
Confirm with . or Enter, or press ? or * to list all spells.
A beastly little devil appears in a puff of flame.
You feel very sick.
Your shadow imp disappears in a puff of smoke!
The scorpion stings you.
* * * LOW HITPOINT WARNING * * *
You feel very sick.
Your crimson imp blinks!
You swap places.
The scorpion attacks as you move away!
The scorpion stings you but does no damage.
You die...

......# #.# ....#
..###.# #.# ....# ..#
#.#####.# ##....# ..#
#.....#.# #.....### ###
#####.#.####.§......
#########.#.†..#r#......
..........####.#s# .....
##############.#5# r...
#...#...)......#@# ...
#.#.#.##########.# ..
#.#.#.# #.# . #.#.#.#
#.# #.#.#.# #.# #.#.#.#
#.# #.#.#.# #.#
#.#<#.##########.#
#.###.#..........#


You could see a scorpion (ally target), a quokka and a friendly crimson imp
(summoned).

Vanquished Creatures
  An adder (D:2)
  A worm (D:2)
  2 bats (D:2)
  4 endoplasms
  3 giant cockroaches
  A hobgoblin (D:2)
  A quokka (D:1)
  4 ball pythons (D:1)
  2 frilled lizards
  3 goblins
  4 kobolds
  6 rats
32 creatures vanquished.

Vanquished Creatures (collateral kills)
  An endoplasm (D:1)
  2 goblins
  2 hobgoblins (D:2)
  A jackal (D:2)
  A frilled lizard (D:2)
  A kobold (D:1)
8 creatures vanquished.

Grand Total: 40 creatures vanquished

Notes
Turn   | Place    | Note
-------+----------+-------------------------------------------
     0 | D:1      | PimpSugar the Demonspawn Hedge Wizard began the quest for
                  | the Orb.
     0 | D:1      | Reached XP level 1. HP: 13/13 MP: 4/4
  1554 | D:1      | Reached skill level 1 in Translocations
  1710 | D:1      | Gained mutation: You have a pair of small horns on your
                  | head. [demonic ancestry]
  1710 | D:1      | Reached XP level 2. HP: 19/19 MP: 1/6
  1756 | D:1      | Learned a level 2 spell: Call Imp
  2188 | D:1      | Learned a level 2 spell: Blink
  2837 | D:2      | Gained mutation: You regenerate a little health from kills.
                  | [demonic ancestry]
  2837 | D:2      | Reached XP level 3. HP: 25/25 MP: 7/7
  3303 | D:2      | Noticed a scorpion
  3315 | D:2      | Succumbed to a scorpion's poison

Illustrated notes

Levels and vault maps discovered:
D:1:      dpeg_arrival_brainrot, layout_loops_corners
D:2:      layout_basic, st_stairs_3

Skill      XL: |  1  2 |
---------------+-------+-----
Translocations | 1 |  1.3
Dodging        | 2 |  2.1
Stealth        | 2 |  2.0
Fighting       | |  0.8
Staves         | |  0.1
Spellcasting   | |  3.3
Conjurations   | |  1.4
Summonings     | |  1.4
Evocations     | |  0.1

Action                   || total
-------------------------++-------
Melee: Dagger            ||    23
       Headbutt          ||     3
       Staff             ||    22
 Fire: Sling             ||    36
Throw: Stone             ||     1
 Cast: Magic Dart        ||    58
       Call Imp          ||     8
Armor: Robe              ||    14
Dodge: Dodged            ||    48

Table legend: (Time is in decaauts)
 A = Elapsed time spent in this place.
 B = Non-inter-level travel time spent in this place.
 C = Inter-level travel time spent in this place.
 D = Time resting spent in this place.
 E = Time spent auto-exploring this place.
 F = Levels seen in this place.
 G = Mean time per level.
                   A        B        C        D        E       F      G
               +--------+--------+--------+--------+--------+-----+--------+
         Total |   3331 |   3302 |     29 |   1141 |   1612 |   2 | 1665.5 |
       Dungeon |   3331 |   3302 |     29 |   1141 |   1612 |   2 | 1665.5 |
               +--------+--------+--------+--------+--------+-----+--------+

Top non-repeatable levels by time:
     D:1: 2767 daAuts
     D:2: 564 daAuts
